 Dungeon Crawl Stone Soup version 0.30-b1-2-g02819fbbbe (webtiles) character file.

Game seed: 1129702612069258521

98 Brarox the Magician (level 4, -3/25 HPs)
             Began as a Deep Elf Air Elementalist on Dec 6, 2023.
             Slain by an ice beast (14 damage)
             ... on level 3 of the Dungeon.
             The game lasted 00:06:19 (2693 turns).

Brarox the Magician (Deep Elf Air Elementalist)     Turns: 2693, Time: 00:06:20

Health: -3/25      AC:  3    Str:  5    XL:     4   Next: 44%
Magic:  7/12       EV: 12    Int: 22    God:
Gold:   93         SH:  0    Dex: 15    Spells: 8/11 levels left

rFire   . . .        (no weapon)
rCold   . . .        (no shield)
rNeg    . . .        a - +0 robe
rPois   .            (no helmet)
rElec   .            l - +0 cloak
rCorr   .            (no gloves)
SInv    +            (no boots)
Will    .....        (no amulet)
Stlth   ++           c - ring of see invisible
HPRegen 0.24/turn    (no ring)
MPRegen 0.13/turn

%: no passive effects
@: very slightly contaminated
A: no striking features
a: no special abilities


You were on level 3 of the Dungeon.
You visited 1 branch of the dungeon, and saw 3 of its levels.

You collected 93 gold pieces.

Inventory:

Armour
 a - a +0 robe (worn)
 l - a +0 cloak (worn)
Jewellery
 c - a ring of see invisible (left hand)
Scrolls
 e - a scroll of fog {unknown}
 f - a scroll of amnesia {unknown}
 g - a scroll of noise {unknown}
 h - a scroll of teleportation {unknown}
 n - a scroll of identify {unknown}
Potions
 b - 2 potions of magic
 d - a potion of heal wounds {unknown}
 i - a potion of resistance {unknown}
 j - 2 potions of might {unknown}
 k - 2 potions of curing
 m - a potion of mutation {unknown}


   Skills:
 + Level 1.3 Fighting
 - Level 2.5 Dodging
 - Level 2.5 Stealth
 + Level 4.1 Spellcasting
 + Level 2.4 Conjurations
 + Level 3.6 Air Magic


You had 8 spell levels left.
You knew the following spells:

 Your Spells              Type           Power      Damage    Failure   Level
a - Shock                 Conj/Air       72%        1d7       3%          1
b - Static Discharge      Conj/Air       36%        2-4/arc   4%          2

Your spell library contained the following spells:

 Spells                   Type           Power      Damage    Failure   Level
 Swiftness                Air            20%        N/A       8%          3
 Airstrike                Air            10%        2d(2-18)  24%         4


Dungeon Overview and Level Annotations

Branches:
Dungeon (3/15)

Altars:
Cheibriados


Message History

The zap hits the ice beast.
The ice beast is moderately wounded.
Aiming: Shock (safe; 3% risk of failure)
Press: ? - help, Q - select action, (/) - cycle Shift-Dir - straight line, f/p - ice beast
Aim: an ice beast (moderately wounded, 71% to hit)
The zap hits the ice beast but does no damage.
The ice beast is moderately wounded.
Aiming: Shock (safe; 3% risk of failure)
Press: ? - help, Q - select action, (/) - cycle Shift-Dir - straight line, f/p - ice beast
Aim: an ice beast (moderately wounded, 71% to hit)
The zap hits the ice beast but does no damage.
The ice beast is moderately wounded.
Aiming: Shock (safe; 3% risk of failure)
Press: ? - help, Q - select action, (/) - cycle Shift-Dir - straight line, f/p - ice beast
Aim: an ice beast (lightly wounded, 71% to hit)
You miscast Shock.
You are very lightly contaminated with residual magic.
Nothing appears to happen.
The ice beast barely misses you.
Aiming: Shock (safe; 3% risk of failure)
Press: ? - help, Q - select action, (/) - cycle Shift-Dir - straight line, p - ice beast The zap hits the ice beast.
The ice beast is heavily wounded.
The zap hits the ice beast.
The ice beast is heavily wounded.
The ice beast hits you. The ice beast freezes you!
Aiming: Shock (safe; 3% risk of failure)
Press: ? - help, Q - select action, (/) - cycle Shift-Dir - straight line The zap hits the ice beast but does no damage.
The ice beast is heavily wounded.
The zap hits the ice beast.
The ice beast is heavily wounded.
The ice beast hits you. The ice beast freezes you!
* * * LOW HITPOINT WARNING * * *
Okay, then.
Okay, then.
It was a potion of curing.
You feel better. The ice beast hits you. The ice beast freezes you!
Ouch! That really hurt!
You die...

. #.........# ..
#.#######.# #.# #....#
#.#
.##$..################.#
#.# .................#
#.# #.#
.##....#########.# #.#
#.# #..#. #.# #.# #.# #.
#. #Y# #.# #.# ..
..#########@# #.# #.##
.# ..........#.# #.#
#..# .#########.#.# #.#
#..# . ########.#.## #.#
#..# ............# #.#
#..# ########.#..# #.#
#..# ##.#..# #.# #..#
#.....####.####..#
#..........>.....#


You could see an ice beast.

Vanquished Creatures
  6 adders (D:2)
  A dart slug (D:1)
  5 endoplasms
  2 giant cockroaches
  4 goblins
  6 hobgoblins
  2 quokkas
  4 ball pythons
  A bat (D:1)
  8 kobolds
  A rat (D:2)
40 creatures vanquished.

Vanquished Creatures (others)
  A plant (D:3)
1 creature vanquished.

Grand Total: 41 creatures vanquished

Notes
Turn   | Place    | Note
-------+----------+-------------------------------------------
     0 | D:1      | Brarox the Deep Elf Air Elementalist began the quest for
                  | the Orb.
     0 | D:1      | Reached XP level 1. HP: 10/10 MP: 6/6
   244 | D:1      | Reached XP level 2. HP: 15/15 MP: 5/8
   428 | D:1      | Learned a level 2 spell: Static Discharge
  1539 | D:2      | Reached XP level 3. HP: 20/20 MP: 6/10
  1629 | D:2      | Reached skill level 1 in Fighting
  1788 | D:2      | Reached XP level 4. HP: 25/25 MP: 8/11
  1816 | D:2      | Reached skill level 4 in Spellcasting
  2554 | D:3      | Found a snail-covered altar of Cheibriados.
  2672 | D:3      | Noticed an ice beast
  2693 | D:3      | Slain by an ice beast

Illustrated notes

Levels and vault maps discovered:
D:1:      ebering_trefoil_twist, layout_basic, serial_forest,
          infiniplex_forest_clump_curved, infiniplex_forest_end_double,
          infiniplex_forest_zigzag_2, infiniplex_forest_lined_3,
          infiniplex_forest_clump_tiny, infiniplex_forest_straight_2,
          infiniplex_forest_end_2, infiniplex_forest_end_2
D:2:      minmay_general_purpose_star, layout_basic
D:3:      layout_loops_ring, mainiacjoe_overflow_catwalk,
          mainiacjoe_overflow_chevrons, mainiacjoe_overflow_boulevard

Skill      XL: |  1  2  3  4 |
---------------+-------------+-----
Conjurations   | 2 |  2.4
Fighting       | 1 |  1.3
Spellcasting   | 4 |  4.1
Dodging        | |  2.5
Stealth        | |  2.5
Air Magic      | |  3.6

Action                     |  1- 3 |  4- 6 || total
---------------------------+-------+-------++-------
  Melee: Unarmed           |     1 |       ||     1
   Cast: Shock             |    62 |    25 ||    87
    Use: Potion            |       |     1 ||     1
 Armour: Robe              |     1 |       ||     1
  Dodge: Dodged            |     4 |     3 ||     7
